 Dungeon Crawl Stone Soup version 0.28-a0-1624-g820543e53a (webtiles) character file.

Game seed: 11241077852844948206

242 bande the Covered (level 6, -4/38 HPs)
             Began as a Gargoyle Fighter on Jan 23, 2022.
             Slain by Edmund (10 damage)
             ... on level 4 of the Dungeon.
             The game lasted 00:06:00 (3705 turns).

bande the Covered (Gargoyle Fighter)                Turns: 3705, Time: 00:06:01

Health: -4/38      AC: 16    Str: 19    XL:     6   Next: 9%
Magic:  6/6        EV: 11    Int:  9    God:
Gold:   277        SH:  4    Dex: 11    Spells: 5/5 levels left

rFire   . . .      SeeInvis .   a - +0 war axe
rCold   . . .      Faith    +   c - +0 buckler
rNeg    + . .      Spirit   .   e - +0 chain mail
rPois   ∞          Reflect  .   (no helmet)
rElec   +          Harm     .   i - +1 cloak
rCorr   .          Rampage  .   (no gloves)
Will    .....                   (no boots)
Stlth   ..........              g - amulet of faith
HPRegen 0.12/turn               b - +4 ring of evasion
MPRegen 0.10/turn               (no ring)

@: no status effects
A: sickness immunity, AC +4, negative energy resistance 1, electricity
resistance, torment resistance 1, petrification resistance
a: no special abilities


You were on level 4 of the Dungeon.
You visited 1 branch of the dungeon, and saw 4 of its levels.

You collected 277 gold pieces.

Inventory:

Hand Weapons
 a - a +0 war axe (weapon)
 j - a +0 flail
Armour
 c - a +0 buckler (worn)
 e - a +0 chain mail (worn)
 i - a +1 cloak (worn)
Jewellery
 b - a +4 ring of evasion (left hand)
 g - an amulet of faith (around neck)
 k - an amulet of magic regeneration
Scrolls
 m - a scroll of identify
Potions
 d - a potion of might
 f - a potion of heal wounds
 h - a potion of attraction {unknown}
 l - a potion of magic {unknown}


   Skills:
 + Level 4.2 Fighting
 + Level 4.0 Axes
 + Level 4.3 Armour
 + Level 4.1 Shields


You had 5 spell levels left.
You didn't know any spells.
Your spell library contained the following spells:

 Spells                   Type           Power      Damage    Failure   Level
 Conjure Flame            Conj/Fire      0%         6-21      100%        3
 Ignite Poison            Fire/Tmut/Pois 0%         N/A       100%        3
 Inner Flame              Hex/Fire       0%         N/A       100%        3
 Cause Fear               Hex            0%         N/A       100%        4
 Sticky Flame             Conj/Fire      0%         2d3       100%        4
 Discord                  Hex            0%         N/A       100%        8


Dungeon Overview and Level Annotations

Branches:
Dungeon (4/15)
 Temple: D:4-7

Altars:

Shops:
D:1 **=((

Annotations:
D:4 Edmund


Innate Abilities, Weirdness & Mutations

You are immune to sickness and miasma.
Your stone body is resilient. (AC +4)
You are immune to poison.
You resist negative energy. (rN+)
You are resistant to electric shocks. (rElec)
You are resistant to unholy torment.
You are immune to petrification.


Message History

Edmund hits you but does no damage.
Edmund hits you with a +0 vorpal dire flail.
You are too injured to fight recklessly!
You are too injured to fight recklessly!
You are too injured to fight recklessly!
You are too injured to fight recklessly!
You are too injured to fight recklessly!
You are too injured to fight recklessly!
You are too injured to fight recklessly!
You are too injured to fight recklessly!
You hit Edmund but do no damage.
Edmund is moderately wounded.
You block Edmund's attack.
You hit Edmund.
Edmund is heavily wounded.
Edmund misses you.
You closely miss Edmund.
Edmund is heavily wounded.
Edmund hits you with a +0 vorpal dire flail.
* * * LOW HITPOINT WARNING * * *
x2 You block Edmund's attack.
You barely miss Edmund.
Edmund is heavily wounded.
You block Edmund's attack.
You hit Edmund.
Edmund is heavily wounded.
Edmund says, "People accused me of being a cutpurse!"
Edmund closely misses you.
You closely miss Edmund.
Edmund is heavily wounded.
Edmund hits you with a +0 vorpal dire flail.
* * * LOW HITPOINT WARNING * * *
x2 Edmund hits you but does no damage.
You closely miss Edmund.
Edmund is heavily wounded.
You block Edmund's attack.
You closely miss Edmund.
Edmund is heavily wounded.
Edmund hits you with a +0 vorpal dire flail!
You die...

#...# .....>.## #...#
##.......## #...#
###.........#####...#
...................#
#.........#####..##
#.......######..#
#.@............#
#.@.########.##
##.#########.#
#...........#
#############


You could see Edmund.

Vanquished Creatures
  A scorpion (D:4)
  A water moccasin skeleton (D:3)
  A hound (D:4)
  An adder (D:3)
  2 worms
  A dart slug (D:1)
  8 orcs (D:3)
  6 giant cockroaches
  4 goblins
  8 hobgoblins
  15 jackals
  4 kobolds
  A quokka (D:3)
  7 ball pythons
  4 bats
  2 frilled lizards
  4 rats
70 creatures vanquished.

Notes
Turn   | Place    | Note
-------+----------+-------------------------------------------
     0 | D:1      | bande the Gargoyle Fighter began the quest for the Orb.
     0 | D:1      | Reached XP level 1. HP: 14/14 MP: 1/1
   140 | D:1      | Reached XP level 2. HP: 19/19 MP: 2/2
   182 | D:1      | Found Tadderu's Weapon Shoppe.
   340 | D:1      | Found Letiat's Jewellery Shoppe.
   492 | D:1      | Found Jodeopni's General Store.
   553 | D:1      | Found Yrrugar's Assorted Antiques.
   607 | D:1      | Reached XP level 3. HP: 9/23 MP: 3/3
   861 | D:1      | Found Dobuef's Weapon Boutique.
  1755 | D:2      | You fall into a shaft and drop 1 floor!
  1771 | D:3      | Reached XP level 4. HP: 29/29 MP: 4/4
  1982 | D:3      | Reached XP level 5. HP: 14/33 MP: 5/5
  3586 | D:4      | Reached XP level 6. HP: 32/38 MP: 6/6
  3688 | D:4      | Noticed Edmund
  3705 | D:4      | Slain by Edmund

Illustrated notes

Levels and vault maps discovered:
D:1:      eino_arrival_cavern_a, layout_loops_ring, serial_shops, shop_coins,
          shop, nicolae_shop_trees, shop, nicolae_shop_bloodbath_and_beyond
D:2:      layout_basic
D:3:      layout_basic
D:4:      layout_loops_ring, kennysheep_little_box, uniq_grinder, uniq_edmund

Skill      XL: |  1  2  3  4  5 |
---------------+----------------+-----
Axes           | 2 3 4 |  4.0
Armour         | 4 |  4.3
Shields        | 4 |  4.1
Fighting       | 4 |  4.2

Action                   |  1- 3 |  4- 6 || total
-------------------------+-------+-------++-------
Melee: War axe           |   115 |   123 ||   238
  Use: Scroll            |     2 |       ||     2
Armor: Scale mail        |    25 |       ||    25
       Chain mail        |    57 |    77 ||   134
Dodge: Dodged            |    69 |    71 ||   140
Block: Buckler           |    28 |    29 ||    57

Table legend: (Time is in decaauts)
 A = Elapsed time spent in this place.
 B = Non-inter-level travel time spent in this place.
 C = Inter-level travel time spent in this place.
 D = Time resting spent in this place.
 E = Time spent auto-exploring this place.
 F = Levels seen in this place.
 G = Mean time per level.
                   A        B        C        D        E       F      G
               +--------+--------+--------+--------+--------+-----+--------+
         Total |   3801 |   3692 |    109 |    661 |   2357 |   4 |  950.2 |
       Dungeon |   3801 |   3692 |    109 |    661 |   2357 |   4 |  950.2 |
               +--------+--------+--------+--------+--------+-----+--------+

Top non-repeatable levels by time:
     D:3: 1481 daAuts
     D:1: 1129 daAuts
     D:2: 802 daAuts
     D:4: 388 daAuts
